 Dungeon Crawl Stone Soup version 0.29.0-11-gd7f09526c8 (webtiles) character file.

Game seed: 16835390722472761007

649 Shayle the Sneak (level 7, -1/43 HPs)
             Began as a Tengu Brigand on Sept 5, 2022.
             Slain by a gnoll
             ... wielding a +0 flail
              (5 damage)
             ... on level 4 of the Dungeon.
             The game lasted 00:07:29 (3389 turns).

Shayle the Sneak (Tengu Brigand)                    Turns: 3389, Time: 00:07:30

Health: -1/43      AC:  3    Str: 12    XL:     7   Next: 53%
Magic:  12/12      EV: 16    Int: 13    God:
Gold:   188        SH:  0    Dex: 15    Spells: 9/12 levels left

rFire   . . .      SeeInvis .   a - +3 dagger
rCold   . . .      Faith    .   (no shield)
rNeg    . . .      Spirit   .   b - +0 robe
rPois   .          Reflect  .   (helmet restricted)
rElec   .          Harm     .   c - +0 cloak
rCorr   .          Rampage  .   (no gloves)
Will    .....                   (boots unavailable)
Stlth   +++.......              (no amulet)
HPRegen 0.14/turn               f - +4 ring of slaying
MPRegen 0.13/turn               (no ring)

@: flying quickly and evasively, quick
A: beak, talons 3, nimble flight
a: no special abilities


You were on level 4 of the Dungeon.
You visited 1 branch of the dungeon, and saw 4 of its levels.

You collected 188 gold pieces.

Inventory:

Hand Weapons
 a - a +3 dagger (weapon)
Missiles
 d - 8 poisoned darts
 e - 3 curare-tipped darts
 r - 2 atropa-tipped darts (quivered)
Armour
 b - a +0 robe (worn)
 c - a +0 cloak (worn)
Jewellery
 f - a +4 ring of slaying (left hand)
Wands
 s - a wand of light (7)
 t - a wand of mindburst (12)
Scrolls
 i - 3 scrolls of vulnerability
 j - a scroll of noise {unknown}
 n - a scroll of torment {unknown}
Potions
 g - 3 potions of brilliance
 h - a potion of ambrosia {unknown}
 k - a potion of curing
 l - 2 potions of invisibility {unknown}
 m - a potion of mutation {unknown}
 o - a potion of flight
 p - a potion of haste {unknown}
 q - a potion of degeneration {unknown}


   Skills:
 + Level 4.0 Fighting
 - Level 2.1 Short Blades
 - Level 2.0 Throwing
 + Level 3.8 Dodging
 + Level 5.6 Stealth
 + Level 3.0 Spellcasting
 + Level 2.9 Conjurations
 + Level 1.4 Earth Magic


You had 9 spell levels left.
You knew the following spells:

 Your Spells              Type           Power      Damage    Failure   Level
a - Stone Arrow           Conj/Erth      14%        3d7       28%         3

Your spell library contained the following spells:

 Spells                   Type           Power      Damage    Failure   Level
 Animate Armour           Summ/Erth      6%         N/A       86%         4
 Lehudib's Crystal Spear  Conj/Erth      3%         10d3      100%        8


Dungeon Overview and Level Annotations

Branches:
Dungeon (4/15)
 Temple: D:4-7

Altars:
Kikubaaqudgha


Innate Abilities, Weirdness & Mutations

You have a beak for a mouth.
You have claws for feet.
Your magical nature lets you fly swiftly and evasively.


Message History

You feel better. The gnoll barely misses you. The gnoll completely misses you.
The gnoll drinks a potion.
The gnoll is healed!
You hit the gnoll. You claw the gnoll!
The gnoll is almost dead.
The gnoll hits you with a +0 flail!
* * * LOW HITPOINT WARNING * * *
The gnoll completely misses you. The gnoll hits you but does no damage.
Unknown command.
You feel better. The gnoll closely misses you. The gnoll misses you.
The gnoll completely misses you.
Aiming: Mindburst
Press: ? - help, Shift-Dir - straight line, f - gnoll
Aim: a gnoll, wielding a +0 halberd (almost dead, chance to affect: 72%)
The gnoll struggles to resist.
The gnoll hits you with a +0 flail. The gnoll completely misses you.
The gnoll closely misses you.
Unknown command.
Aiming: Bolt of Light
Press: ? - help, Shift-Dir - straight line, f/p - gnoll
Aim: a gnoll, wielding a +0 halberd (almost dead, 75% to hit)
The bolt of light misses the gnoll.
The gnoll hits you with a +0 flail. The gnoll completely misses you.
The gnoll closely misses you.
Unknown command.
You hit the gnoll.
You kill the gnoll!
The gnoll hits you with a +0 flail!
* * * LOW HITPOINT WARNING * * *
The gnoll closely misses you.
Unknown command.
Aiming: Bolt of Light
Press: ? - help, Shift-Dir - straight line, f - gnoll
Aim: a gnoll, wielding a +0 flail (75% to hit)
The bolt of light misses the gnoll.
The gnoll completely misses you. The gnoll misses you.
Aiming: Bolt of Light
Press: ? - help, Shift-Dir - straight line, f/p - gnoll
Aim: a gnoll, wielding a +0 flail (75% to hit)
The bolt of light hits the gnoll!
The gnoll is almost dead.
The gnoll is blinded.
The gnoll hits you with a +0 flail.
You die...

#.......#
#.
#.......#
##
#.......#
#.......#
####.##.#
#.##.##
#.....# #
###..†g##.#
#....).@).#
#.#..###g.#
#.#..#
..!.. #
#..# ..####
#..# ###
#..# ....
...


You could see 2 gnolls.

Vanquished Creatures
  Sigmund (D:3)
  2 black bears (D:3)
  2 vampire bats (D:3)
  Jessica (D:3)
  Ijyb (D:4)
  5 gnolls
  3 adders
  A worm (D:2)
  4 dart slugs
  6 orcs
  2 bat skeletons (D:3)
  3 bat zombies (D:3)
  5 endoplasms (D:1)
  7 giant cockroaches
  6 goblins
  6 hobgoblins
  3 jackals (D:1)
  4 kobolds
  7 quokkas
  5 ball pythons
  A bat (D:3)
  13 frilled lizards
  7 rats
95 creatures vanquished.

Vanquished Creatures (others)
  5 plants (D:1)
5 creatures vanquished.

Grand Total: 100 creatures vanquished

Notes
Turn   | Place    | Note
-------+----------+-------------------------------------------
     0 | D:1      | Shayle the Tengu Brigand began the quest for the Orb.
     0 | D:1      | Reached XP level 1. HP: 12/12 MP: 2/2
    85 | D:1      | Reached XP level 2. HP: 17/17 MP: 3/3
   480 | D:1      | Reached skill level 1 in Spellcasting
   480 | D:1      | Reached XP level 3. HP: 20/22 MP: 5/5
  1131 | D:3      | Reached XP level 4. HP: 23/27 MP: 5/7
  1233 | D:3      | Noticed a black bear
  1235 | D:3      | Killed a black bear
  1236 | D:3      | Gained mutation: Your magical nature lets you fly swiftly
                  | and evasively. [Tengu growth]
  1236 | D:3      | Reached XP level 5. HP: 32/32 MP: 7/9
  1727 | D:2      | Learned a level 3 spell: Stone Arrow
  2108 | D:3      | Found an ancient bone altar of Kikubaaqudgha.
  2115 | D:3      | Reached skill level 5 in Stealth
  2115 | D:3      | Reached XP level 6. HP: 37/37 MP: 10/10
  2116 | D:3      | Reached skill level 1 in Conjurations
  2569 | D:3      | Noticed a black bear
  2583 | D:3      | Killed a black bear
  2836 | D:3      | Noticed Sigmund
  2850 | D:3      | Killed Sigmund
  2851 | D:3      | Reached skill level 1 in Earth Magic
  2851 | D:3      | Reached XP level 7. HP: 42/42 MP: 10/12
  2968 | D:3      | Noticed Jessica
  2986 | D:3      | Killed Jessica
  3324 | D:4      | Noticed Ijyb
  3327 | D:4      | Killed Ijyb
  3389 | D:4      | Slain by a gnoll

Illustrated notes

Levels and vault maps discovered:
D:1:      dpeg_arrival_radiant, layout_basic, roderic_serpentine_path,
          minmay_lizard_king
D:2:      layout_basic, minmay_misc_feat_doors, kennysheep_generic_room_9
D:3:      layout_loops_corners, kennysheep_vampire_church, amethyst_killhole,
          kennysheep_generic_room_10, uniq_sigmund, uniq_jessica
D:4:      cheibrodos_quashed, layout_loops_ring, portal_sewer_entry_b,
          due_unseen_surprise, uniq_ijyb

Skill      XL: |  1  2  3  4  5  6  7 |
---------------+----------------------+-----
Spellcasting   | 1 2 3 |  3.0
Dodging        | 2 3 |  3.8
Fighting       | 3 4 |  4.0
Stealth        | 5 |  5.6
Conjurations   | 2 |  2.9
Earth Magic    | 1 |  1.4
Short Blades   | |  2.1
Throwing       | |  2.0

Action                   |  1- 3 |  4- 6 |  7- 9 || total
-------------------------+-------+-------+-------++-------
Melee: Dagger            |    57 |    58 |    37 ||   152
       Peck              |     5 |     9 |     7 ||    21
       Kick              |     6 |    13 |    10 ||    29
Throw: Dart              |       |     6 |       ||     6
Evoke: Wand              |       |       |     4 ||     4
  Use: Scroll            |     1 |     4 |     1 ||     6
       Potion            |       |       |     3 ||     3
 Stab: Sleeping          |     9 |    13 |     5 ||    27
Armor: Robe              |     5 |     4 |     4 ||    13
Dodge: Dodged            |    27 |    29 |    37 ||    93
